 Dungeon Crawl Stone Soup version 0.27.1-1-g398f81649c (webtiles) character file.

Game seed: 11356386925073075516

623 Borgoz the Slasher (level 7, -4/44 HPs)
             Began as a Gargoyle Berserker on Sept 19, 2021.
             Was a Priest of Trog.
             Slain by a wight (6 damage)
             ... on level 5 of the Dungeon.
             The game lasted 00:04:32 (4463 turns).

Borgoz the Slasher (Gargoyle Berserker)             Turns: 4463, Time: 00:04:33

Health: -4/44      AC: 18    Str: 20    XL:     7   Next: 47%
Magic:  7/7        EV:  8    Int:  8    God:    Trog [***...]
Gold:   250        SH:  5    Dex: 11    Spells: 6/6 levels left

rFire    . . .     SeeInvis .   a - +0 long sword
rCold    . . .     Faith    .   (no shield)
rNeg     + + .     Spirit   .   n - +4 chain mail
rPois    ∞         Reflect  +   (no helmet)
rElec    +         Harm     .   (no cloak)
rCorr    .         Rampage  .   (no gloves)
Will     .....                  (no boots)
Stlth    ..........             e - amulet of reflection
HPRegen  0.14/turn              c - ring of positive energy
MPRegen  0.10/turn              (no ring)

@: on berserk cooldown, slowed, very slow
A: sickness immunity, AC +4, negative energy resistance 1, electricity
resistance, torment resistance 1, petrification resistance
a: Renounce Religion, Berserk, Trog's Hand


You were on level 5 of the Dungeon.
You worshipped Trog.
Trog was most pleased with you.
You visited 1 branch of the dungeon, and saw 5 of its levels.

You collected 250 gold pieces.

Inventory:

Hand Weapons
 a - a +0 long sword (weapon)
 b - a +2 great sword
Armour
 n - a +4 chain mail (worn)
Jewellery
 c - a ring of positive energy (left hand)
 e - an amulet of reflection (around neck)
Wands
 l - a wand of iceblast (8)
Scrolls
 d - a scroll of enchant weapon
 f - a scroll of blinking {unknown}
 h - a scroll of identify {unknown}
 i - 2 scrolls of enchant armour {unknown}
 j - a scroll of amnesia {unknown}
 k - a scroll of vulnerability {unknown}
 m - a scroll of fear {unknown}
 o - a scroll of summoning {unknown}
Potions
 g - 3 potions of haste {unknown}
 p - 4 potions of heal wounds


   Skills:
 + Level 5.0 Fighting
 * Level 5.2 Long Blades
 + Level 4.3 Armour
 + Level 3.2 Dodging


You had 6 spell levels left.
You didn't know any spells.
Your spell library was empty.

Dungeon Overview and Level Annotations

Branches:
Dungeon (5/15)             Temple (0/1) D:5

Altars:
Qazlal

Annotations:
D:5 1 runed translucent door, Nanban's ghost, weakling OpDe


Innate Abilities, Weirdness & Mutations

You are immune to sickness and miasma.
Your stone body is resilient. (AC +4)
You are immune to poison.
You resist negative energy. (rN+)
You are resistant to electric shocks. (rElec)
You are resistant to unholy torment.
You are immune to petrification.


Message History

The orc hits you but does no damage. The orc closely misses you.
Things that are here:
a +0 whip; a +0 ring mail; an orc corpse You feel a strong urge to attack something.
The orc wizard hits you but does no damage.
The orc priest hits you but does no damage.
You hit the orc priest.
You kill the orc priest!
Trog accepts your kill. The orc wizard barely misses you.
The orc hits you but does no damage.
Your Fighting skill increases to level 5!
You hit the orc wizard but do no damage.
The orc barely misses you.
You riposte.
You closely miss the orc. You barely miss the orc wizard.
The orc wizard hits you but does no damage.
The orc hits you but does no damage. The wight barely misses you.
You hit the wight but do no damage. The orc hits you but does no damage.
The orc wizard closely misses you. You block the orc's attack.
The wight hits you but does no damage.
You closely miss the wight. The orc hits you but does no damage.
The orc wizard hits you but does no damage.
You block the orc's attack. The wight hits you but does no damage.
You barely miss the wight.
You are no longer berserk.
You are exhausted.
You feel yourself slow down. The orc hits you but does no damage.
The orc wizard hits you but does no damage.
You closely miss the orc wizard. The orc hits you but does no damage.
The wight hits you with a +0 scimitar. The orc hits you but does no damage.
The orc wizard hits you but does no damage.
The orc hits you but does no damage. The wight hits you with a +0 scimitar.
You barely miss the orc wizard. You block the orc's attack.
The orc wizard hits you but does no damage.
The orc hits you but does no damage. The wight hits you with a +0 scimitar!
* * * LOW HITPOINT WARNING * * *
The orc hits you with a +0 short sword.
* * * LOW HITPOINT WARNING * * *
The orc wizard barely misses you.
You riposte.
You barely miss the orc wizard. The orc closely misses you.
The wight hits you with a +0 scimitar.
You die...

## #.. #.#
####.#######.#
..>...?......
##..#o.......
#.##...#@####.#
#......ooz......
####.#.#'##.#.#.
#......# #. #......#
..#.#. #......# .#.#.
###......#####.. ...#.
................. #..#.
#####....##########..#.


You could see a wight, an orc wizard and 2 orcs.

Vanquished Creatures
  A sky beast (D:3)
  A black bear (D:5)
  A phantom (D:4)
  2 wights (D:5)
  An orc priest (D:5)
  2 hounds
  An orc wizard (D:5)
  A hound skeleton (D:5)
  A gnoll (D:1)
  A howler monkey skeleton (D:5)
  5 adders
  2 worms
  A dart slug (D:1)
  9 orcs
  5 endoplasms
  3 giant cockroaches
  4 goblins
  6 hobgoblins
  4 jackals (D:3)
  8 kobolds
  2 quokkas
  4 ball pythons
  6 bats (D:1)
  4 frilled lizards
  9 rats
84 creatures vanquished.

Vanquished Creatures (others)
  A plant (D:2)
1 creature vanquished.

Grand Total: 85 creatures vanquished

Notes
Turn   | Place    | Note
-------+----------+-------------------------------------------
     0 | D:1      | Borgoz the Gargoyle Berserker began the quest for the Orb.
     0 | D:1      | Reached XP level 1. HP: 14/14 MP: 1/1
   266 | D:1      | Reached XP level 2. HP: 15/19 MP: 2/2
   613 | D:1      | Reached ** piety under Trog
   614 | D:1      | Reached XP level 3. HP: 20/23 MP: 3/3
  1076 | D:2      | Found a faded altar of an unknown god.
  1077 | D:2      | Noticed a great orb of eyes
  1079 | D:2      | Noticed a shining eye
  1086 | D:2      | Noticed a shining eye
  1105 | D:2      | Noticed a floating eye
  1402 | D:2      | Reached XP level 4. HP: 20/29 MP: 4/4
  2265 | D:3      | Found a stormy altar of Qazlal.
  2266 | D:3      | Noticed an earth elemental
  2269 | D:3      | Noticed a fire elemental
  2269 | D:3      | Noticed an air elemental
  2269 | D:3      | Noticed a water elemental
  2605 | D:3      | Noticed a sky beast
  2621 | D:3      | Killed a sky beast
  2622 | D:3      | Reached XP level 5. HP: 21/33 MP: 5/5
  2936 | D:4      | Reached XP level 6. HP: 37/38 MP: 6/6
  3644 | D:5      | Entered Level 5 of the Dungeon
  3682 | D:5      | Reached *** piety under Trog
  4113 | D:5      | Found a staircase to the Ecumenical Temple.
  4162 | D:5      | Noticed a black bear
  4171 | D:5      | Killed a black bear
  4172 | D:5      | Reached skill level 5 in Long Blades
  4172 | D:5      | Reached XP level 7. HP: 44/44 MP: 7/7
  4428 | D:5      | Noticed Nanban's ghost (weakling OpDe)
  4429 | D:5      | Found a runed translucent door.
  4457 | D:5      | Reached skill level 5 in Fighting
  4463 | D:5      | HP: 2/44 [orc (5)]
  4463 | D:5      | Slain by a wight

Illustrated notes

Levels and vault maps discovered:
D:1:      dpeg_arrival_pond, layout_basic, grunt_decor_fettered
D:2:      cheibrodos_old_hovel, layout_loops_cross,
          hellmonk_ecumenical_altar_watching_god, bh_walls_and_bars
D:3:      layout_loops_ring, nicolae_qazlal_style_of_elements
D:4:      layout_cave_pools, grunt_ministairs_2
D:5:      layout_basic, temple_pool_b, hellmonk_ghost_happy_afterlife

Skill      XL: |  1  2  3  4  5  6  7 |
---------------+----------------------+-----
Long Blades    | 3 4 5 |  5.2
Dodging        | 2 3 |  3.2
Armour         | 3 4 |  4.3
Fighting       | 4 5 |  5.0

Action                   |  1- 3 |  4- 6 |  7- 9 || total
-------------------------+-------+-------+-------++-------
Melee: Falchion          |   141 |    11 |       ||   152
       Long sword        |       |   174 |    44 ||   218
Invok: Berserk           |       |     2 |     1 ||     3
       Trog's Hand       |       |       |     1 ||     1
  Use: Scroll            |       |     1 |       ||     1
       Potion            |       |     1 |       ||     1
Armor: Animal skin       |     9 |       |       ||     9
       Ring mail         |    67 |    89 |       ||   156
       Chain mail        |       |    17 |    34 ||    51
Dodge: Dodged            |   102 |   114 |    28 ||   244
Block: Other             |    22 |    50 |    13 ||    85
       Reflection        |       |     1 |       ||     1
       Rpst.: Falchion   |    31 |     2 |       ||    33
       Long sword        |       |    32 |     7 ||    39
